Cogmind - Beta 11.1 @@@ ROGUE MODE // 2022.09.08 @ 17:58:28 Player: Prof Griz Result: Destroyed by G-34 Mercenary with Small Laser Performance ------------- Evolutions (1) 500 Regions Visited (3) 600 Robots Destroyed (7) 35 Value Destroyed (172) 172 Prototype IDs (0) 0 Alien Tech Used (0) 0 Bonus (0) 0 TOTAL SCORE: 1307 Bonus ------- None Cogmind --------- Core Integrity 0/400 Matter 295/300 Energy 100/100 System Corruption 0% Temperature Cool (6) Movement Core (50) Location -9/Materials Parts ------- > --- POWER (1) -------- (None) > --- PROPULSION (4) --- (None) > --- UTILITY (2) ------ (None) > --- WEAPON (2) ------- (None) > --- INVENTORY (5) ---- Light Ion Engine Aluminum Leg High-capacity Storage Unit Spread Laser Particle Cannon Peak State ------------ > --- POWER ------------ Ion Engine > --- PROPULSION ------- Aluminum Leg Aluminum Leg Aluminum Leg Improved Aluminum Leg > --- UTILITY ---------- Small Storage Unit High-powered Tractor Beam > --- WEAPON ----------- Particle Cannon Particle Cannon > --- INVENTORY -------- Light Ion Engine Light Treads Light Treads Aluminum Leg High-capacity Storage Unit Spread Laser [Rating: 13] Favorites ----------- Power Ion Engine Engine Ion Engine Propulsion Aluminum Leg Leg Aluminum Leg Wheel Wheel Flight Unit Flight Unit Utility Small Storage Unit Device High-powered Tractor Beam Storage Small Storage Unit Weapon Particle Cannon Energy Cannon Particle Cannon Ballistic Gun Light Assault Rifle Special Weapon Welding Torch Build | -11 -10 -10 -9 ------- Run | Scr Mat Min Mat Slots Evolved 2 | . . . 2 Power . | . . . . Propulsion 2 | . . . 2 Utility . | . . . . Weapon . | . . . . Parts Attached 23 | 9 1 2 11 Power 1 | 1 . . . Engine 1 | 1 . . . Core . | . . . . Reactor . | . . . . Propulsion 13 | 5 . . 8 Treads . | . . . . Leg 5 | 2 . . 3 Wheel 3 | 3 . . . Hover . | . . . . Flight 5 | . . . 5 Utility 2 | 1 1 . . Device 1 | . 1 . . Storage 1 | 1 . . . Processor . | . . . . Hackware . | . . . . Protection . | . . . . Artifact . | . . . . Weapon 7 | 2 . 2 3 Energy Gun . | . . . . Energy Cannon 3 | . . 2 1 Ballistic Gun 3 | 2 . . 1 Ballistic Cannon . | . . . . Launcher . | . . . . Special Weapon 1 | . . . 1 Impact Weapon . | . . . . Slashing Weapon . | . . . . Piercing Weapon . | . . . . Special Melee Weapon . | . . . . Unidentified Prototypes . | . . . . Parts Lost 10 | . . . 10 Power 1 | . . . 1 Propulsion 5 | . . . 5 Utility 2 | . . . 2 Weapon 2 | . . . 2 Highest Loss Streak 10 | . . . 10 To Critical Strikes . | . . . . Average Slot Usage (%) 88 | . 95 100 55 Engine 12 | . 14 14 6 Leg 25 | . 28 28 18 Flight 1 | . . . 6 Device 11 | . 10 14 6 Storage 12 | . 14 14 6 Energy Cannon 16 | . . 24 8 Ballistic Gun 7 | . 28 3 . Naked Turns 48 | . . . 48 Heaviest Build 19 | 12 13 19 19 Greatest Support 43 | 20 20 20 43 Greatest Overweight (x) 3 | 3 . . 3 Average Overweight (x) . | . . . . Largest Inventory Capacity 8 | 8 8 8 8 Average Capacity 7 | 7 8 8 6 Most Carried 8 | 6 8 7 7 Average Carried 5 | 3 6 6 4 Final Capacity 8 | 8 8 8 5 Final Carried 7 | 6 7 7 5 Class Distribution -------------------- 100% | Mutant Dominant Class ---------------- Mutant | -10/Materials Mutant | -10/Mines Mutant | -9/Materials Resources | -11 -10 -10 -9 ----------- Run | Scr Mat Min Mat Matter Collected 447 | 242 . 86 119 Remotely 187 | . . 86 101 Salvage Created 214 | . . 95 119 Parts 16 | . . 4 12 Haulers Intercepted . | . . . . Recyclers Shooed . | . . . . Parts Field Recycled . | . . . . Retrieved Matter . | . . . . Parts Self-Destructed . | . . . . Prevented . | . . . . Kills | -11 -10 -10 -9 ------- Run | Scr Mat Min Mat Combat Hostiles Destroyed 6 | . . 2 4 Cannons 5 | . . 2 3 Classes Destroyed 4 | . . 1 3 Watcher 1 | . . . 1 Swarmer 3 | . . . 3 Grunt 2 | . . 2 . Sentry 1 | . . . 1 Best Kill Streak 5 | . . 1 5 Combat Bots Only 4 | . . 1 4 Max Kills in Single Turn 1 | . . 1 1 Gunslinging . | . . . . Exploded . | . . . . Melee . | . . . . Uniques/NPCs Destroyed . | . . . . Combat | -11 -10 -10 -9 -------- Run | Scr Mat Min Mat Damage Taken 903 | . . 86 817 Core 420 | . . 16 404 Absorbed by Shields . | . . . . Core Remaining (%) 96 | 100 . 93 . Volleys Fired 34 | . 3 7 24 Largest 2 | . 2 2 2 Hottest 136 | . 40 136 136 Shots Fired 53 | . 6 14 33 Gun 15 | . 6 2 7 Cannon 34 | . . 12 22 Launcher . | . . . . Special 4 | . . . 4 Kinetic 15 | . 6 2 7 Thermal 38 | . . 12 26 Explosive . | . . . . Electromagnetic . | . . . . Robot Hit Streak 4 | . 1 3 4 Robot Miss Streak 5 | . 3 2 5 Penetration Max . | . . . . Secondary Targets . | . . . . Shots Hit Robots 24 | . 2 7 15 Core Hits 11 | . 1 4 6 Critical Kills 1 | . . . 1 Critical Parts Destroyed . | . . . . Critical Strikes 1 | . . . 1 Meltdown 1 | . . . 1 Melee Attacks . | . . . . Impact . | . . . . Slashing . | . . . . Piercing . | . . . . Sneak Attacks . | . . . . Combat Hostiles . | . . . . Follow-up Attacks . | . . . . Damage Inflicted 462 | . 19 130 313 Guns 106 | . 19 8 79 Cannons 350 | . . 122 228 Explosions . | . . . . Melee . | . . . . Ramming . | . . . . Kinetic 106 | . 19 8 79 Thermal 356 | . . 122 234 Explosive . | . . . . Electromagnetic . | . . . . Impact . | . . . . Slashing . | . . . . Piercing . | . . . . Highest Corruption . | . . . . Average Corruption . | . . . . Corruption Purged . | . . . . Corruption Blocked . | . . . . Overload Shots . | . . . . Overflow Damage 2 | . . . 2 Projectiles 2 | . . . 2 Explosions . | . . . . Melee . | . . . . Knockbacks . | . . . . Impact . | . . . . Kinetic . | . . . . Secondary . | . . . . Self-Inflicted Damage . | . . . . Shots . | . . . . Rammed . | . . . . Targets Rammed . | . . . . Kicked . | . . . . Crushed . | . . . . Highest Temperature 637 | . . 327 637 Average Temperature 264 | . . 164 331 Received Heat Transfer 246 | . . 45 201 Effects 16 | . . 3 13 Shutdowns 2 | . . . 2 Interference 5 | . . 3 2 Matter Decay 1 | . . . 1 Short Circuit 3 | . . . 3 Damage (minor) 5 | . . . 5 Siege Activations . | . . . . Robots Corrupted . | . . . . Combat Hostiles . | . . . . Parts Fried . | . . . . Impact Corruptions . | . . . . Robots Melted 1 | . . . 1 Combat Hostiles 1 | . . . 1 Parts Melted 1 | . . . 1 Heat Transferred 679 | . . 222 457 Parts Sabotaged . | . . . . Parts Stolen . | . . . . Parts Stripped . | . . . . Power Chain Reactions . | . . . . Missiles Intercepted . | . . . . Alert | -11 -10 -10 -9 ------- Run | Scr Mat Min Mat Peak Influence 122 | . 30 76 122 Initial 11 | . . 11 . Average 40 | . 12 55 47 Maximum Alert Level . | . . . . Low Security (%) 100 | 100 100 100 100 Level 1 . | . . . . Level 2 . | . . . . Level 3 . | . . . . Level 4 . | . . . . Level 5 . | . . . . High Security . | . . . . Max Security . | . . . . Squads Dispatched . | . . . . Investigation . | . . . . Extermination . | . . . . Reinforcement . | . . . . Assault . | . . . . Garrison . | . . . . Intercept . | . . . . Searches Triggered . | . . . . Construction Impeded . | . . . . Haulers Reinforced . | . . . . Active Scanning Responses . | . . . . Cargo Convoy Interrupts . | . . . . Stealth | -11 -10 -10 -9 --------- Run | Scr Mat Min Mat Distress Signals 2 | . . . 2 Communications Jammed . | . . . . Distress Signals . | . . . . Times Spotted 11 | . 2 2 7 Peak Tracking Total 5 | . 1 2 5 Tactical Retreats 1 | . . 1 . Traps | -11 -10 -10 -9 ------- Run | Scr Mat Min Mat Traps Triggered . | . . . . Indirectly . | . . . . Trap Hack Attempts . | . . . . Triggered . | . . . . Disarmed . | . . . . Reprogrammed . | . . . . Reused . | . . . . Traps Extracted . | . . . . Installed . | . . . . Triggered . | . . . . Machines | -11 -10 -10 -9 ---------- Run | Scr Mat Min Mat Machines Disabled . | . . . . Max in Single Turn . | . . . . Machines Sabotaged . | . . . . Garrisons Compromised . | . . . . Overloaded Fab Kills . | . . . . Hacking | -11 -10 -10 -9 --------- Run | Scr Mat Min Mat Machines Accessed 1 | . 1 . . Terminals 1 | . 1 . . Fabricators . | . . . . Repair Stations . | . . . . Recycling Units . | . . . . Scanalyzers . | . . . . Garrison Access . | . . . . Total Hacks 3 | . 3 . . Successful 2 | . 2 . . Failed 1 | . 1 . . Catastrophic . | . . . . Database Lockouts . | . . . . Manual . | . . . . Terminals 3 | . 3 . . Fabricators . | . . . . Repair Stations . | . . . . Recycling Units . | . . . . Scanalyzers . | . . . . Garrison Access . | . . . . Terminal Hacks 2 | . 2 . . Record 1 | . 1 . . Alert Level 1 | . 1 . . Fabricator Hacks . | . . . . Repair Station Hacks . | . . . . Recycling Unit Hacks . | . . . . Scanalyzer . | . . . . Garrison Access Hacks . | . . . . Unauthorized Hacks . | . . . . Terminals . | . . . . Fabricators . | . . . . Repair Stations . | . . . . Recycling Units . | . . . . Scanalyzers . | . . . . Garrison Access . | . . . . Data Cores Recovered . | . . . . Used . | . . . . Hacking Detections 1 | . 1 . . Full Trace Events 1 | . 1 . . Feedback Events . | . . . . Feedback Blocked . | . . . . Robot Schematics Acquired . | . . . . Robots Built . | . . . . Authchips . | . . . . Time . | . . . . Total Robot Build Rating . | . . . . Part Schematics Acquired . | . . . . Parts Built . | . . . . Authchips . | . . . . Time . | . . . . Total Part Build Rating . | . . . . Parts Repaired . | . . . . Time . | . . . . Parts Recycled . | . . . . Recycled Matter . | . . . . Retrieved Matter . | . . . . Retrieved Components . | . . . . Parts Scanalyzed . | . . . . Part Schematics Acquired . | . . . . Parts Damaged . | . . . . Bothacking | -11 -10 -10 -9 ------------ Run | Scr Mat Min Mat Used RIF Installer . | . . . . Robots Hacked . | . . . . Non-combat . | . . . . Combat . | . . . . Robot Hacks Applied . | . . . . Relay Couplers Released . | . . . . Fabnet Peak Effective % . | . . . . Robots Rewired . | . . . . Allies Hacked . | . . . . Hacks Repelled . | . . . . Allies | -11 -10 -10 -9 -------- Run | Scr Mat Min Mat Total Allies . | . . . . Largest Group . | . . . . Highest-Rated Group . | . . . . Highest-Rated Ally . | . . . . Total Orders . | . . . . Ally Attacks . | . . . . Total Damage . | . . . . Kills . | . . . . Allies Corrupted . | . . . . Allies Melted . | . . . . Intel | -11 -10 -10 -9 ------- Run | Scr Mat Min Mat Robot Analysis Total . | . . . . Derelict Logs Recovered 2 | . . 2 . Drone Launches . | . . . . Drone Recoveries . | . . . . Exploration | -11 -10 -10 -9 ------------- Run | Scr Mat Min Mat Turns Passed 874 | 90 148 441 195 Spaces Moved 531 | 52 103 324 52 Core 30 | 26 . . 4 Treads . | . . . . Legs 475 | 22 103 324 26 Wheels 4 | 4 . . . Hover . | . . . . Flight 22 | . . . 22 Fastest Speed 31 | 50 120 120 31 Average Speed 117 | 122 120 120 91 Slowest Speed 200 | 200 120 120 200 Overloaded Moves . | . . . . Propulsion Burnouts . | . . . . Robots Hopped . | . . . . Cave-ins Triggered . | . . . . Exploration Rate (%) 26 | 5 24 71 4 Regions Visited 3 Branch Regions 1 Pre-discovered Areas . | . . . . Known Exits Taken . | . . . . Unknown Exits Taken 3 | 1 1 1 . Scrap Searched . | . . . . Spaces Dug . | . . . . Terrain Destroyed . | . . . . Melee . | . . . . Projectile . | . . . . AOE . | . . . . Terrain Rammed . | . . . . Walls Destroyed . | . . . . Machines Disabled . | . . . . Actions | -11 -10 -10 -9 --------- Run | Scr Mat Min Mat Total 733 | 77 124 363 169 Wait 106 | 5 10 27 64 Move 528 | 51 102 323 52 Hop . | . . . . Pick Up 27 | 12 5 2 8 Fast Attach 2 | . . . 2 Attach 17 | 6 1 2 8 Detach 1 | . . . 1 Swap 4 | 3 . . 1 Drop 14 | . 3 2 9 Fire 34 | . 3 7 24 Melee . | . . . . Ram . | . . . . Kick . | . . . . Crush . | . . . . Escape Stasis . | . . . . Rewire . | . . . . Trap . | . . . . Miscellaneous . | . . . . Route ------- -11/Scrapyard -10/Materials -10/Mines (discovered 2 exits: [*Mat] / Exi) -9/Materials History --------- Turn | Location | Event 9 | -11/Scrapyard | Discovered new exit (range 15) 91 | -11/Scrapyard | Entered Materials 226 | -10/Materials | Discovered new exit (range 10) 239 | -10/Materials | Entered Mines 266 | -10/Mines | Met a Derelict bent on vengeance 319 | -10/Mines | Build established: Mutant 464 | -10/Mines | Identified exit to Exiles 468 | -10/Mines | Learned Materials garrison access intel 514 | -10/Mines | Discovered new exit (range 7) 680 | -10/Mines | Entered Materials 680 | -9/Materials | Evolved 2 slots: Propulsion x2 830 | -9/Materials | Core integrity fell below 50% 858 | -9/Materials | Lost 10 parts (1p5n2u2w) 858 | -9/Materials | Core integrity fell below 20% 875 | -9/Materials | Destroyed by G-34 Mercenary with Small Laser Last Messages --------------- Acquired Flight Unit. Acquired 10 matter. Acquired Hvy. Assault Rifle. Acquired 4 matter. Acquired 6 matter. Acquired 3 matter. Flight Unit destroyed. Acquired 3 matter. Flight Unit destroyed. Acquired 1 matter. Ion Engine destroyed. Hvy. Assault Rifle destroyed. Hpw. Tractor Beam destroyed. Acquired Broken Particle Cannon. Sml. Storage Unit destroyed. Flight Unit destroyed. Acquired Flight Unit. Acquired Welding Torch. Flight Unit destroyed. Welding Torch destroyed. Map ----- +----------------------------------------------------+ | ????????????????????????????????????? | | ????????????????????????????????????? | | ????????????????????????????????????? | | ????????????????????????????????????? | | ????????????????????????????????????? | | ????????????????????????????????????? | | ????????????????????????????????????? | | ????????????????????????????????????? | | ????????????????????????????????????? | | ????????????????????????????????????? | | ????????????????????????????????????? | | ????????????????????????????????????? | | ????????????????????????????????????? | | ????????????????????????????????????? | | ????????????????????????????????????? | | ?????????????????????????#??????????? | | ???????????????????????? #??????????? | | ??????????????????????? #??????????? | | ??????????????????????? #??????????? | | ??????????????#######? #??????????? | | ??? ???###+##! ! ## #??????????? | | ?? # # !!= ???? | | ?? %+" [ + !!= ???? | | ?????????# l = ! #??????????? | | ?????????###g## = ### ##??????????? | | ??????????# @ ## ##???????????????? | | ??????????# ## !]#????????????????? | | ??????????#=! ##= *#????????????????? | | ??????????#! ##===#????????????????? | | ??????????#! ## #????????????????? | | ??????????# ## #????????????????? | | ??????????# ## #????????????????? | | ??????????###### #????????????????? | | ???????????????# #????????????????? | | ????????######## #????????????????? | | ????????# # #????????????????? | | ????????# ]!! # #????????????????? | | ????????# ]!! + #????????????????? | | ????????# ==!! # #????????????????? | | ????????# # #????????????????? | | ????????# ] #####????????????????? | | ????????########????????????????????? | | ????????????????????????????????????? | | ????????????????????????????????????? | | ????????????????????????????????????? | | ????????????????????????????????????? | | | | | | | | | +----------------------------------------------------+ Best States ------------- Heat Dissipation 28 Energy Generation 10 Energy Capacity 250 Matter Stores 300 Matter Capacity 300 Sight Range 16 Terrain Scan Density 10 Evasion (%) 63 Item Schematics ----------------- None Robot Schematics ------------------ None Fabricated ------------ Nothing Alien Tech Used ----------------- None Achievements -------------- Storm Trooper Challenges ------------ None Game ------ Seed SensorNeutrinoReconfigurator Manual? 0 Play Time 00:19:53 Cumulative 3.5 hours Start 2022.09.08 @ 17:36:01 End 2022.09.08 @ 17:58:28 Sessions 1 Manual Loads 0 Difficulty Rogue Special Mode None Game No. 6 Rogue 1 Adventurer 5 Explorer 0 Win Type - Total 0 Types 0/0/0/0/0/0/0/0/0 Lore% 4 Gallery% 8 Achievement% 8 Wizard Run 0 Options --------- ASCII 0 Keyboard 0 Movement Mouse Keybinds 0 Fullscreen 2 Font 18/SmallcapsGlow Map View 76x50 Tactical HUD 0 Map Filters NONE Filters NONE Steam 1 RUN: 9fe25480-18c6-4766-a317-8dd64c216741